| TOP OF THE 1ST |
|
Spokane Indians batting - Pitching for Everett AquaSox : RHP Mike Watkins
|
|
Pitching: RHP Mike Watkins
|
|
|
Batting: LHB Brian Gray
|
0-0: Ball 1-0: Foul Ball, location: 2F 1-1: Ball 2-1: Ball 3-1: Base on Balls
|
|
Batting: RHB Victor Moya
|
0-0: Called Strike 0-1: Foul Ball, location: 2F 0-2: Ball 1-2: Foul Ball, location: 2F 1-2: Strikes out swinging
|
|
Batting: RHB Matthew Starr
|
0-0: Called Strike Brian Gray steals 2nd, throwing error, E2 Brian Gray to third 0-1: Foul Ball, location: 2F 0-2: Ball 1-2: Ball 2-2: SINGLE (Line Drive, 78S, EV 107.5 MPH) Brian Gray scores
|
|
Batting: RHB Dale Aubrey
|
0-0: Hit by Pitch Matthew Starr to second
|
|
Pinch Runner at 1st Nick Solberg:
|
|
|
Batting: LHB Matt Patnaude
|
0-0: Foul Ball, location: 2F 0-1: Swinging Strike 0-2: Strikes out swinging
|
|
Batting: RHB Tony Rivera
|
0-0: Called Strike 0-1: Foul Ball, location: 2F 0-2: Strikes out swinging
|
| Top of the 1st over - 1 run, 1 hit, 1 error, 2 left on base; Spokane 1 - Everett 0 |
| BOTTOM OF THE 1ST |
|
Everett AquaSox batting - Pitching for Spokane Indians : RHP Derek White
|
|
Pitching: RHP Derek White
|
|
|
Now in CF: Nick Solberg
|
|
|
Batting: RHB John Vasquez
|
0-0: Called Strike 0-1: Ball 1-1: Called Strike 1-2: Ground out 6-3 (Groundball, 6, EV 104.4 MPH)
|
|
Batting: RHB Tomokazu Sugimoto
|
0-0: Called Strike 0-1: Called Strike 0-2: Ball 1-2: Strikes out swinging
|
|
Batting: RHB Ivan Davila
|
0-0: Foul Ball, location: 2F 0-1: Swinging Strike 0-2: Ground out 6-3 (Groundball, 6, EV 89.4 MPH)
|
| Bottom of the 1st over - 0 runs, 0 hits, 0 errors, 0 left on base; Spokane 1 - Everett 0 |
| TOP OF THE 2ND |
|
Spokane Indians batting - Pitching for Everett AquaSox : RHP Mike Watkins
|
|
Batting: RHB Rick Concha
|
0-0: Ball 1-0: Called Strike 1-1: Ball 2-1: Ball 3-1: Base on Balls
|
|
Batting: RHB Gabe Almazan
|
0-0: Reached on error, E2 (Groundball, 2R, EV 70.0 MPH) Rick Concha to second
|
|
Batting: RHB Gavin Fimple
|
0-0: Ball 1-0: Called Strike 1-1: Swinging Strike 1-2: SINGLE (Line Drive, 9S, EV 104.4 MPH) Rick Concha to third Gabe Almazan to second Runner from 3rd tries for Home, SAFE, throw by RF to home
|
|
Batting: LHB Brian Gray
|
0-0: Ball 1-0: Ball 2-0: Ball 3-0: Called Strike 3-1: Foul Ball, location: 2F 3-2: SINGLE (Groundball, 34D, EV 108.8 MPH) Gabe Almazan to third Gavin Fimple to second Runner from 3rd tries for Home, SAFE, throw by RF to home
|
|
Batting: RHB Victor Moya
|
0-0: Ball 1-0: Fielders Choice at 2nd, 1-6 (Groundball, 34S, EV 65.0 MPH) Gavin Fimple to third
|
|
Batting: RHB Matthew Starr
|
0-0: Called Strike 0-1: Ball Victor Moya steals 2nd base (no throw) 1-1: Ball 2-1: Ball 3-1: Base on Balls
|
|
Batting: RHB Nick Solberg
|
0-0: Ball 1-0: Fielders Choice at 2nd, 5-4 (Groundball, 56, EV 105.0 MPH) Gavin Fimple scores Victor Moya to third
|
|
Batting: LHB Matt Patnaude
|
0-0: Foul Ball, location: 2F 0-1: Ball 1-1: Ball Passed Ball! Victor Moya scores Nick Solberg to second 2-1: Called Strike 2-2: Ball 3-2: SINGLE (Line Drive, 9S, EV 90.0 MPH) Nick Solberg to third Runner from 3rd tries for Home, SAFE, throw by RF to home Matt Patnaude to second
|
|
Batting: RHB Tony Rivera
|
0-0: Foul Ball, location: 2F 0-1: Foul Ball, location: 2F 0-2: Ball 1-2: Strikes out swinging
|
| Top of the 2nd over - 5 runs, 3 hits, 1 error, 1 left on base; Spokane 6 - Everett 0 |
| BOTTOM OF THE 2ND |
|
Everett AquaSox batting - Pitching for Spokane Indians : RHP Derek White
|
|
Batting: RHB Antonio Oyola
|
0-0: Swinging Strike 0-1: Ball 1-1: Ground out 6-3 (Groundball, 6, EV 78.1 MPH)
|
|
Batting: SHB Tony Morales
|
0-0: Called Strike 0-1: Ball 1-1: Fly out, F5 (Popup, 5S, EV 83.8 MPH)
|
|
Batting: RHB Sal Cervantes
|
0-0: Ball 1-0: Fly out, F8 (Flyball, 8LM, EV 80.0 MPH)
|
| Bottom of the 2nd over - 0 runs, 0 hits, 0 errors, 0 left on base; Spokane 6 - Everett 0 |
| TOP OF THE 3RD |
|
Spokane Indians batting - Pitching for Everett AquaSox : RHP Mike Watkins
|
|
Batting: RHB Rick Concha
|
0-0: Foul Ball, location: 2F 0-1: Foul Ball, location: 2F 0-2: Strikes out looking
|
|
Batting: RHB Gabe Almazan
|
0-0: Ball 1-0: Ball 2-0: Ball 3-0: Base on Balls
|
|
Batting: RHB Gavin Fimple
|
0-0: Ball 1-0: Called Strike 1-1: Ball 2-1: Ball 3-1: Base on Balls Gabe Almazan to second
|
|
Batting: LHB Brian Gray
|
0-0: Called Strike 0-1: Called Strike 0-2: Ball 1-2: Foul Ball, location: 2F 1-2: Ball 2-2: Ball 3-2: Foul Ball, location: 2F 3-2: Fly out, F8 (Flyball, 8RD, EV 81.2 MPH)
|
|
Batting: RHB Victor Moya
|
0-0: Foul Ball, location: 2F 0-1: Ball 1-1: Called Strike 1-2: Strikes out looking
|
| Top of the 3rd over - 0 runs, 0 hits, 0 errors, 2 left on base; Spokane 6 - Everett 0 |
| BOTTOM OF THE 3RD |
|
Everett AquaSox batting - Pitching for Spokane Indians : RHP Derek White
|
|
Batting: RHB Jung-wan Aan
|
0-0: Called Strike 0-1: Ball 1-1: Fly out, F7 (Flyball, 7LS, EV 86.2 MPH)
|
|
Batting: RHB Danny Pujols
|
0-0: Ball 1-0: Swinging Strike 1-1: Ground out 6-3 (Groundball, 6, EV 95.0 MPH)
|
|
Batting: RHB Egidius Kruger
|
0-0: Ball 1-0: Ball 2-0: Called Strike 2-1: Swinging Strike 2-2: Ball 3-2: Foul Ball, location: 2F 3-2: Foul Ball, location: 2F 3-2: Foul Ball, location: 2F 3-2: Strikes out swinging
|
| Bottom of the 3rd over - 0 runs, 0 hits, 0 errors, 0 left on base; Spokane 6 - Everett 0 |
| TOP OF THE 4TH |
|
Spokane Indians batting - Pitching for Everett AquaSox : RHP Mike Watkins
|
|
Pitching: RHP Adam Fair
|
|
|
Batting: RHB Matthew Starr
|
0-0: Ball 1-0: Called Strike 1-1: SOLO HOME RUN (Flyball, 7LD, EV 91.2 MPH), Distance : 339 ft
|
|
Batting: RHB Nick Solberg
|
0-0: Called Strike 0-1: Swinging Strike 0-2: Foul Ball, location: 2F 0-2: Foul Ball, location: 2F 0-2: Strikes out looking
|
|
Batting: LHB Matt Patnaude
|
0-0: Ground out 4-3 (Groundball, 4, EV 80.0 MPH)
|
|
Batting: RHB Tony Rivera
|
0-0: Foul Ball, location: 2F 0-1: Ground out 4-3 (Groundball, 4, EV 105.0 MPH)
|
| Top of the 4th over - 1 run, 1 hit, 0 errors, 0 left on base; Spokane 7 - Everett 0 |
| BOTTOM OF THE 4TH |
|
Everett AquaSox batting - Pitching for Spokane Indians : RHP Derek White
|
|
Batting: RHB John Vasquez
|
0-0: Fly out, F2 (Popup, 23F, EV 88.1 MPH)
|
|
Batting: RHB Tomokazu Sugimoto
|
0-0: Called Strike 0-1: Swinging Strike 0-2: Ball 1-2: Ball 2-2: Ground out 5-3 (Groundball, 56, EV 78.1 MPH)
|
|
Batting: RHB Ivan Davila
|
0-0: Called Strike 0-1: Ball 1-1: Swinging Strike 1-2: Ball 2-2: Strikes out swinging
|
| Bottom of the 4th over - 0 runs, 0 hits, 0 errors, 0 left on base; Spokane 7 - Everett 0 |
| TOP OF THE 5TH |
|
Spokane Indians batting - Pitching for Everett AquaSox : RHP Adam Fair
|
|
Batting: RHB Rick Concha
|
0-0: Ball 1-0: Swinging Strike 1-1: Ball 2-1: Called Strike 2-2: Foul Ball, location: 2F 2-2: Strikes out swinging
|
|
Batting: RHB Gabe Almazan
|
0-0: Ball 1-0: Ball 2-0: Ball 3-0: Called Strike 3-1: Foul Ball, location: 2F 3-2: Strikes out swinging
|
|
Batting: RHB Gavin Fimple
|
0-0: Called Strike 0-1: Foul Ball, location: 2F 0-2: Ball 1-2: Strikes out swinging
|
| Top of the 5th over - 0 runs, 0 hits, 0 errors, 0 left on base; Spokane 7 - Everett 0 |
| BOTTOM OF THE 5TH |
|
Everett AquaSox batting - Pitching for Spokane Indians : RHP Derek White
|
|
Batting: RHB Antonio Oyola
|
0-0: Ball 1-0: Fly out, F8 (Flyball, 8RD, EV 98.1 MPH)
|
|
Batting: SHB Tony Morales
|
0-0: Fly out, F7 (Flyball, 7, EV 85.6 MPH)
|
|
Batting: RHB Sal Cervantes
|
0-0: Foul Ball, location: 2F 0-1: SINGLE (Line Drive, 8RS, EV 95.6 MPH)
|
|
Batting: RHB Jung-wan Aan
|
0-0: Ball Sal Cervantes steals 2nd base 1-0: Ball 2-0: Swinging Strike 2-1: Foul Ball, location: 2F 2-2: Foul Ball, location: 2F 2-2: Foul Ball, location: 2F 2-2: Strikes out swinging
|
| Bottom of the 5th over - 0 runs, 1 hit, 0 errors, 1 left on base; Spokane 7 - Everett 0 |
| TOP OF THE 6TH |
|
Spokane Indians batting - Pitching for Everett AquaSox : RHP Adam Fair
|
|
Batting: LHB Brian Gray
|
0-0: Foul Ball, location: 2F 0-1: Foul Ball, location: 2F 0-2: Ground out 4-3 (Groundball, 4, EV 85.0 MPH)
|
|
Batting: RHB Victor Moya
|
0-0: Ball 1-0: Foul Ball, location: 2F 1-1: Ball 2-1: Foul Ball, location: 2F 2-2: Strikes out swinging
|
|
Batting: RHB Matthew Starr
|
0-0: Ground out 6-3 (Groundball, 6, EV 80.0 MPH)
|
| Top of the 6th over - 0 runs, 0 hits, 0 errors, 0 left on base; Spokane 7 - Everett 0 |
| BOTTOM OF THE 6TH |
|
Everett AquaSox batting - Pitching for Spokane Indians : RHP Derek White
|
|
Batting: RHB Danny Pujols
|
0-0: Called Strike 0-1: Ball 1-1: Ball 2-1: Foul Ball, location: 2F 2-2: Fly out, F8 (Line Drive, 8RD, EV 111.9 MPH)
|
|
Batting: RHB Egidius Kruger
|
0-0: Ball 1-0: Called Strike 1-1: Ball 2-1: Foul Ball, location: 2F 2-2: TRIPLE (Line Drive, 78XD, EV 104.4 MPH)
|
|
Batting: RHB John Vasquez
|
0-0: Foul Ball, location: 2F 0-1: Ball 1-1: Foul Ball, location: 2F 1-2: Foul Ball, location: 2F 1-2: Ball 2-2: Foul Ball, location: 2F 2-2: DOUBLE (Line Drive, 78D, EV 112.5 MPH) Egidius Kruger scores
|
|
Batting: RHB Tomokazu Sugimoto
|
0-0: Ball 1-0: Ball John Vasquez steals 3rd base 2-0: Foul Ball, location: 2F 2-1: Ball 3-1: Base on Balls
|
|
Batting: RHB Ivan Davila
|
0-0: Ball 1-0: Called Strike 1-1: Foul Ball, location: 2F 1-2: Ball 2-2: Ball 3-2: Foul Ball, location: 2F 3-2: Grounds into double play, 5-4-3 (Groundball, 56, EV 83.8 MPH)
|
| Bottom of the 6th over - 1 run, 2 hits, 0 errors, 1 left on base; Spokane 7 - Everett 1 |
| TOP OF THE 7TH |
|
Spokane Indians batting - Pitching for Everett AquaSox : RHP Adam Fair
|
|
Batting: RHB Nick Solberg
|
0-0: Ball 1-0: Ball 2-0: Fly out, F3 (Line Drive, 3, EV 63.8 MPH)
|
|
Batting: LHB Matt Patnaude
|
0-0: Ball 1-0: Called Strike 1-1: Swinging Strike 1-2: Ball 2-2: Foul Ball, location: 2F 2-2: Ball 3-2: Strikes out swinging
|
|
Batting: RHB Tony Rivera
|
0-0: Foul Ball, location: 2F 0-1: Ball 1-1: Foul Ball, location: 2F 1-2: Foul Ball, location: 2F 1-2: Foul Ball, location: 2F 1-2: DOUBLE (Line Drive, 5D, EV 106.2 MPH)
|
|
Batting: RHB Rick Concha
|
0-0: Foul Ball, location: 2F 0-1: Foul Ball, location: 2F 0-2: Foul Ball, location: 2F 0-2: Ball 1-2: Strikes out swinging
|
| Top of the 7th over - 0 runs, 1 hit, 0 errors, 1 left on base; Spokane 7 - Everett 1 |
| BOTTOM OF THE 7TH |
|
Everett AquaSox batting - Pitching for Spokane Indians : RHP Derek White
|
|
Now in LF: Nick Solberg
|
|
|
Now in CF: Salvador Caldera
|
|
|
Batting: RHB Antonio Oyola
|
0-0: Ball 1-0: Ball 2-0: SINGLE (Flyball, 6MD, EV 95.6 MPH)
|
|
Batting: SHB Tony Morales
|
0-0: Ball Wild Pitch! Antonio Oyola to second 1-0: Ball 2-0: Swinging Strike 2-1: Foul Ball, location: 2F 2-2: Ground out 3-1 (Groundball, 34, EV 77.5 MPH) Antonio Oyola to third
|
|
Batting: RHB Sal Cervantes
|
0-0: SINGLE (Groundball, 6, EV 98.1 MPH) Antonio Oyola scores
|
|
Batting: RHB Jung-wan Aan
|
0-0: Ball 1-0: Called Strike 1-1: Foul Ball, location: 2F 1-2: Foul Ball, location: 2F 1-2: Grounds into double play, 5-4-3 (Groundball, 56S, EV 76.9 MPH)
|
| Bottom of the 7th over - 1 run, 2 hits, 0 errors, 0 left on base; Spokane 7 - Everett 2 |
| TOP OF THE 8TH |
|
Spokane Indians batting - Pitching for Everett AquaSox : RHP Adam Fair
|
|
Batting: RHB Gabe Almazan
|
0-0: Called Strike 0-1: Ball 1-1: Foul Ball, location: 2F 1-2: Strikes out looking
|
|
Batting: RHB Gavin Fimple
|
0-0: Swinging Strike 0-1: Ball 1-1: Foul Ball, location: 2F 1-2: Foul Ball, location: 2F 1-2: Strikes out looking
|
|
Pitching: RHP Aaron Black
|
|
|
Batting: RHB Salvador Caldera
|
0-0: Ball 1-0: Called Strike 1-1: Swinging Strike 1-2: Foul Ball, location: 2F 1-2: Foul Ball, location: 2F 1-2: Strikes out swinging
|
| Top of the 8th over - 0 runs, 0 hits, 0 errors, 0 left on base; Spokane 7 - Everett 2 |
| BOTTOM OF THE 8TH |
|
Everett AquaSox batting - Pitching for Spokane Indians : RHP Derek White
|
|
Pitching: RHP Jim Vickers
|
|
|
Batting: RHB Danny Pujols
|
0-0: Ball 1-0: Ball 2-0: Foul Ball, location: 2F 2-1: Fly out, F8 (Flyball, 8RD, EV 104.4 MPH)
|
|
Batting: RHB Egidius Kruger
|
0-0: Called Strike 0-1: Ball 1-1: Swinging Strike 1-2: Strikes out swinging
|
|
Batting: RHB John Vasquez
|
0-0: Ball 1-0: Called Strike 1-1: Ball 2-1: Foul Ball, location: 2F 2-2: Strikes out looking
|
| Bottom of the 8th over - 0 runs, 0 hits, 0 errors, 0 left on base; Spokane 7 - Everett 2 |
| TOP OF THE 9TH |
|
Spokane Indians batting - Pitching for Everett AquaSox : RHP Aaron Black
|
|
Batting: RHB Victor Moya
|
0-0: Foul Ball, location: 2F 0-1: Ball 1-1: Fly out, F9 (Flyball, 9LM, EV 86.9 MPH)
|
|
Batting: RHB Matthew Starr
|
0-0: DOUBLE (Line Drive, 78XD, EV 112.5 MPH)
|
|
Batting: RHB Nick Solberg
|
0-0: Ball 1-0: Ball 2-0: Foul Ball, location: 2F 2-1: Ground out 5-3 (Groundball, 56, EV 109.4 MPH)
|
|
Batting: LHB Matt Patnaude
|
0-0: Ball 1-0: Called Strike 1-1: Called Strike 1-2: Foul Ball, location: 2F Balk! Matthew Starr to third 1-2: Foul Ball, location: 2F 1-2: Ball 2-2: Ball 3-2: DOUBLE (Line Drive, 78D, EV 103.8 MPH) Matthew Starr scores
|
|
Batting: RHB Tony Rivera
|
0-0: Ball 1-0: Ground out 6-3 (Groundball, 6, EV 85.6 MPH)
|
| Top of the 9th over - 1 run, 2 hits, 0 errors, 1 left on base; Spokane 8 - Everett 2 |
| BOTTOM OF THE 9TH |
|
Everett AquaSox batting - Pitching for Spokane Indians : RHP Jim Vickers
|
|
Batting: RHB Tomokazu Sugimoto
|
0-0: Ball 1-0: Swinging Strike 1-1: Foul Ball, location: 2F 1-2: Ball 2-2: Ball 3-2: Fly out, F8 (Line Drive, 8LM, EV 93.8 MPH)
|
|
Batting: RHB Ivan Davila
|
0-0: Ball 1-0: Ball 2-0: Called Strike 2-1: Foul Ball, location: 2F 2-2: Ball 3-2: Strikes out swinging
|
|
Batting: RHB Antonio Oyola
|
0-0: Ball 1-0: Foul Ball, location: 2F 1-1: Ball 2-1: Ball 3-1: Swinging Strike 3-2: Strikes out swinging
|
| Bottom of the 9th over - 0 runs, 0 hits, 0 errors, 0 left on base; Spokane 8 - Everett 2 |
|